 Dungeon Crawl Stone Soup version 0.31-a0-303-gdc8c9485ea (webtiles) character file.

Game seed: 14066165023788810835

32 Shard1697 the Grave Robber (level 3, -4/26 HPs)
             Began as a Draconian Necromancer on July 16, 2023.
             Slain by a phantom (6 damage)
             ... on level 2 of the Dungeon.
             The game lasted 00:02:28 (1196 turns).

Shard1697 the Grave Robber (Draconian Necromancer)  Turns: 1196, Time: 00:02:28

Health: -4/26      AC:  5    Str: 10    XL:     3   Next: 10%
Magic:  7/7        EV: 12    Int: 17    God:
Gold:   72         SH:  0    Dex: 11    Spells: 3/7 levels left

rFire   . . .        h - +0 hand axe
rCold   . . .        (no shield)
rNeg    . . .        (body armour unavailable)
rPois   .            (helmet restricted)
rElec   .            (no cloak)
rCorr   .            (no gloves)
SInv    .            (no boots)
Will    .....        (no amulet)
Stlth   ++           (no ring)
HPRegen 0.24/turn    (no ring)
MPRegen 0.10/turn

%: no passive effects
@: mighty
A: AC +5, unfitting armour, cold-blooded, screaming 1, MP-powered wands
a: no special abilities


You were on level 2 of the Dungeon.
You visited 1 branch of the dungeon, and saw 2 of its levels.

You collected 72 gold pieces.

Inventory:

Hand Weapons
 e - a +0 dagger
 h - a +0 hand axe (weapon)
Jewellery
 b - a ring of flight
Scrolls
 c - a scroll of poison {unknown}
 f - 2 scrolls of revelation {unknown}
Potions
 a - a potion of magic
 i - a potion of degeneration {unknown}
 j - a potion of curing {unknown}


   Skills:
 - Level 1.7 Dodging
 - Level 1.7 Stealth
 + Level 2.7 Spellcasting
 + Level 4.5 Necromancy


You had 3 spell levels left.
You knew the following spells:

 Your Spells              Type           Power      Damage    Failure   Level
a - Necrotise             Necr           68%        1d7       2%          1
c - Vampiric Draining     Necr           17%        2d7       9%          3

Your spell library contained the following spells:

 Spells                   Type           Power      Damage    Failure   Level
 Animate Dead             Necr           17%        N/A       26%         4
 Agony                    Necr           17%        N/A       58%         5


Dungeon Overview and Level Annotations

Branches:
Dungeon (2/15)

Altars:


Innate Abilities, Weirdness & Mutations

Your plain brown scales are hard. (AC +5)
You cannot fit into any form of body armour.
You are cold-blooded and may be slowed by cold attacks.
You occasionally shout uncontrollably at your foes.
You expend magic power (3 MP) to strengthen your wands.


Message History

The phantom hits you.
The phantom blinks!
You blink.
The phantom hits you but does no damage.
The phantom attacks as you move away! The phantom hits you.
The phantom attacks as you move away! The phantom hits you.
* * * LOW HITPOINT WARNING * * *
You hit the phantom.
The phantom is heavily damaged.
The phantom closely misses you.
It was a potion of mutation.
You feel extremely strange.
You feel the urge to shout.
You feel your magical essence link to the dungeon's wands.
The phantom closely misses you.
It was a potion of might.
You feel very mighty all of a sudden.
The phantom hits you but does no damage.
You closely miss the phantom.
The phantom is moderately damaged.
The phantom barely misses you.
You hit the phantom.
The phantom is heavily damaged.
The phantom hits you.
* * * LOW HITPOINT WARNING * * *
The phantom blinks!
You blink.
You hit the phantom.
The phantom is severely damaged.
The phantom hits you.
* * * LOW HITPOINT WARNING * * *
The phantom blinks!
You blink.
A hobgoblin and a kobold come into view.
The phantom barely misses you.
The hobgoblin shouts!
You hit the phantom.
The phantom is severely damaged.
The phantom hits you but does no damage.
You miss the phantom.
The kobold shouts!
Your tail-slap misses the phantom.
The phantom is severely damaged.
The phantom hits you.
You die...

### #.. #.# ####
#.#
#.######...####
#.#
#......@W.K...#
#.#
#..#####g#.##.#
#.#
.#.##.########.#
.#....§...>....#
.####§##########
## #.#
#.##########.#
#........§...#
##############


You could see a phantom, a hobgoblin and a kobold.

Vanquished Creatures
  3 dart slugs (D:1)
  5 bats (D:1)
  2 endoplasms (D:1)
  2 hobgoblins (D:1)
  2 quokkas (D:1)
  3 ball pythons (D:1)
  4 frilled lizards (D:1)
  A rat (D:1)
22 creatures vanquished.

Vanquished Creatures (collateral kills)
  A giant cockroach (D:1)
  2 frilled lizards (D:1)
  2 kobolds (D:1)
  A rat (D:1)
6 creatures vanquished.

Grand Total: 28 creatures vanquished

Notes
Turn   | Place    | Note
-------+----------+-------------------------------------------
     0 | D:1      | Shard1697 the Draconian Necromancer began the quest for the
                  | Orb.
     0 | D:1      | Reached XP level 1. HP: 14/14 MP: 3/3
   197 | D:1      | Reached XP level 2. HP: 14/20 MP: 1/5
   690 | D:1      | Reached XP level 3. HP: 24/26 MP: 2/7
   994 | D:1      | Learned a level 3 spell: Vampiric Draining
  1168 | D:2      | Noticed a phantom
  1190 | D:2      | Gained mutation: You occasionally shout uncontrollably at
                  | your foes. [potion of mutation]
  1190 | D:2      | Gained mutation: You expend magic power (3 MP) to
                  | strengthen your wands. [potion of mutation]
  1194 | D:2      | HP: 1/26 [phantom (3)]
  1196 | D:2      | Slain by a phantom

Illustrated notes

Levels and vault maps discovered:
D:1:      dpeg_arrival_central, layout_basic
D:2:      layout_loops_ring, amethyst_killhole, minmay_small_reverse_x

Action                     || total
---------------------------++-------
  Melee: Unarmed           ||     9
         Tailslap          ||     4
         Hand axe          ||    41
         Dagger            ||     1
   Cast: Necrotise         ||    19
    Use: Potion            ||     2
 Armour: Skin              ||    19
  Dodge: Dodged            ||    42

Table legend: (Time is in decaauts)
 A = Elapsed time spent in this place.
 B = Non-inter-level travel time spent in this place.
 C = Inter-level travel time spent in this place.
 D = Time resting spent in this place.
 E = Time spent auto-exploring this place.
 F = Levels seen in this place.
 G = Mean time per level.
                   A        B        C        D        E       F      G
               +--------+--------+--------+--------+--------+-----+--------+
         Total |   1206 |   1028 |    178 |     35 |    698 |   2 |  603.0 |
       Dungeon |   1206 |   1028 |    178 |     35 |    698 |   2 |  603.0 |
               +--------+--------+--------+--------+--------+-----+--------+

Top non-repeatable levels by time:
     D:1: 1130 daAuts
     D:2: 76 daAuts
